EL
BILOXI SHUCKERS @ READING FIGHTIN PHILS
07/21/2049
 
TOP OF THE 1ST
Springfield Cardinals batting - Pitching for Mississippi Braves : RHP Ryan DeMille
Pitching: RHP Ryan DeMille
Batting: RHB Fortunato Fteira 0-0: Fly out, F3 (Popup, 3, EV 57.5 MPH)
Batting: LHB Adam Eisen 0-0: Ground out 5-3 (Groundball, 56, EV 85.0 MPH)
Batting: RHB Mark Cahill 0-0: Foul Ball, location: 2F
0-1: Ball
1-1: Fly out, F7 (Flyball, 78M, EV 82.5 MPH)
Top of the 1st over - 0 runs, 0 hits, 0 errors, 0 left on base; Springfield 0 - Mississippi 0
BOTTOM OF THE 1ST
Mississippi Braves batting - Pitching for Springfield Cardinals : RHP Rafael Montano
Pitching: RHP Rafael Montano
Batting: RHB Edgar Castillo 0-0: Ball
1-0: Ball
2-0: Ball
3-0: Base on Balls
Batting: RHB Joe Young 0-0: Grounds into double play, 5-4-3 (Groundball, 56, EV 101.2 MPH)
Batting: SHB Richello Badua 0-0: SOLO HOME RUN (Flyball, 78XD, EV 105.6 MPH), Distance : 413 ft
Batting: LHB Art D'Ascenzo 0-0: Called Strike
0-1: Ball
1-1: Foul Ball, location: 2F
1-2: Ball
2-2: Foul Ball, location: 2F
2-2: Ball
3-2: Ground out U3 (Groundball, 3, EV 103.8 MPH)
Bottom of the 1st over - 1 run, 1 hit, 0 errors, 0 left on base; Springfield 0 - Mississippi 1
TOP OF THE 2ND
Springfield Cardinals batting - Pitching for Mississippi Braves : RHP Ryan DeMille
Batting: RHB Josh Martin 0-0: Called Strike
0-1: Ball
1-1: Ground out 1-3 (Groundball, 34S, EV 70.0 MPH)
Batting: RHB Josh Lyon 0-0: DOUBLE (Flyball, 8RXD, EV 94.4 MPH)
Batting: RHB Tyler Walker 0-0: Ball
Wild Pitch!
Josh Lyon to third
1-0: Swinging Strike
1-1: Called Strike
1-2: Ball
2-2: Ball
3-2: Foul Ball, location: 2F
3-2: Fly out, F8 (Flyball, 78M, EV 83.1 MPH)
Batting: RHB Justin Reich 0-0: Called Strike
0-1: Swinging Strike
0-2: Strikes out swinging
Top of the 2nd over - 0 runs, 1 hit, 0 errors, 1 left on base; Springfield 0 - Mississippi 1
BOTTOM OF THE 2ND
Mississippi Braves batting - Pitching for Springfield Cardinals : RHP Rafael Montano
Batting: LHB Oke Monti 0-0: Ball
1-0: Ball
2-0: Ball
3-0: Base on Balls
Batting: SHB Jamie Roberts 0-0: Ball
1-0: Swinging Strike
1-1: Foul Ball, location: 2F
1-2: Hit by Pitch
Oke Monti to second
Batting: LHB Ryan Murdock 0-0: Ball
1-0: Ball
2-0: Fielders Choice at 3rd, U5 (Groundball, 5L, EV 81.9 MPH)
Jamie Roberts to second
Batting: RHB Alex Velasquez 0-0: Fly out, F3 (Popup, 34, EV 66.9 MPH)
Batting: RHB Adrian Billups 0-0: Ball
1-0: Ball
2-0: Foul Ball, location: 2F
2-1: Swinging Strike
2-2: Foul Ball, location: 2F
2-2: Ball
3-2: Strikes out swinging
Bottom of the 2nd over - 0 runs, 0 hits, 0 errors, 2 left on base; Springfield 0 - Mississippi 1
TOP OF THE 3RD
Springfield Cardinals batting - Pitching for Mississippi Braves : RHP Ryan DeMille
Batting: RHB Immel Kamuzu 0-0: Called Strike
0-1: Ball
1-1: Ball
2-1: Ball
3-1: Called Strike
3-2: Strikes out looking
Batting: RHB Josh Broome 0-0: SINGLE (Groundball, 3D, EV 96.9 MPH)
Batting: RHB Fortunato Fteira 0-0: Ball
1-0: Called Strike
1-1: Ball
2-1: Ball
3-1: Base on Balls
Josh Broome to second
Batting: LHB Adam Eisen 0-0: Called Strike
0-1: Ball
Josh Broome is caught stealing 3rd base 2-5
Fortunato Fteira to second
1-1: DOUBLE (Flyball, 8RXD, EV 100.6 MPH)
Fortunato Fteira scores
Batting: RHB Mark Cahill 0-0: Called Strike
0-1: Ball
1-1: Called Strike
1-2: Ball
2-2: Strikes out swinging
Top of the 3rd over - 1 run, 2 hits, 0 errors, 1 left on base; Springfield 1 - Mississippi 1
BOTTOM OF THE 3RD
Mississippi Braves batting - Pitching for Springfield Cardinals : RHP Rafael Montano
Batting: RHB Edgar Castillo 0-0: Ball
1-0: Called Strike
1-1: Swinging Strike
1-2: Foul Ball, location: 2F
1-2: Ball
2-2: Strikes out swinging
Batting: RHB Joe Young 0-0: Ball
1-0: Ball
2-0: Ground out 5-3 (Groundball, 56S, EV 89.4 MPH)
Batting: SHB Richello Badua 0-0: Ball
1-0: Fly out, F9 (Flyball, 9D, EV 100.6 MPH)
Bottom of the 3rd over - 0 runs, 0 hits, 0 errors, 0 left on base; Springfield 1 - Mississippi 1
TOP OF THE 4TH
Springfield Cardinals batting - Pitching for Mississippi Braves : RHP Ryan DeMille
Batting: RHB Josh Martin 0-0: Ball
1-0: Fly out, F9 (Flyball, 9D, EV 90.6 MPH)
Batting: RHB Josh Lyon 0-0: Called Strike
0-1: Ball
1-1: Ball
2-1: Ball
3-1: Base on Balls
Batting: RHB Tyler Walker 0-0: Ball
1-0: Swinging Strike
1-1: Ball
2-1: Foul Ball, location: 2F
2-2: Strikes out swinging
Batting: RHB Justin Reich 0-0: Called Strike
0-1: Ball
1-1: Swinging Strike
1-2: Strikes out swinging
Top of the 4th over - 0 runs, 0 hits, 0 errors, 1 left on base; Springfield 1 - Mississippi 1
BOTTOM OF THE 4TH
Mississippi Braves batting - Pitching for Springfield Cardinals : RHP Rafael Montano
Batting: LHB Art D'Ascenzo 0-0: Ball
1-0: Called Strike
1-1: Ball
2-1: Ball
3-1: Base on Balls
Batting: LHB Oke Monti 0-0: SINGLE (Line Drive, 34D, EV 106.2 MPH)
Art D'Ascenzo to second
Batting: SHB Jamie Roberts 0-0: Called Strike
0-1: Ball
1-1: Swinging Strike
1-2: Foul Ball, location: 2F
1-2: Ball
2-2: Strikes out looking
Batting: LHB Ryan Murdock 0-0: Ball
1-0: Called Strike
1-1: Ball
2-1: Foul Ball, location: 2F
2-2: SINGLE (Groundball, 34D, EV 107.5 MPH)
Art D'Ascenzo to third
Oke Monti to second
Runner from 3rd tries for Home, SAFE, throw by RF to home
Batting: RHB Alex Velasquez 0-0: Foul Ball, location: 2F
0-1: Fielders Choice at 2nd, 6-4 (Groundball, 6, EV 88.1 MPH)
Oke Monti to third
Batting: RHB Adrian Billups 0-0: Ball
Alex Velasquez steals 2nd base
1-0: Ball
2-0: Ball
3-0: Base on Balls
Batting: RHB Edgar Castillo 0-0: Ball
1-0: Ground out U3 (Groundball, 3, EV 78.8 MPH)
Bottom of the 4th over - 1 run, 2 hits, 0 errors, 3 left on base; Springfield 1 - Mississippi 2
TOP OF THE 5TH
Springfield Cardinals batting - Pitching for Mississippi Braves : RHP Ryan DeMille
Batting: RHB Immel Kamuzu 0-0: Ball
1-0: Ball
2-0: Fly out, F7 (Line Drive, 7LM, EV 85.6 MPH)
Batting: RHB Josh Broome 0-0: Called Strike
0-1: Called Strike
0-2: Ball
1-2: Foul Ball, location: 2F
1-2: DOUBLE (Flyball, 8RXD, EV 88.8 MPH)
Batting: RHB Fortunato Fteira 0-0: Ball
1-0: Ball
2-0: Ball
3-0: Foul Ball, location: 2F
3-1: Foul Ball, location: 2F
3-2: Ground out 2-3 (Groundball, 15S, EV 68.1 MPH)
Josh Broome to third
Batting: LHB Adam Eisen 0-0: Ball
1-0: Ball
2-0: Ball
3-0: Called Strike
3-1: Base on Balls
Batting: RHB Mark Cahill 0-0: Swinging Strike
0-1: Ball
1-1: Foul Ball, location: 2F
1-2: SINGLE (Groundball, 5S, EV 70.0 MPH) (infield hit)
Josh Broome scores
Adam Eisen to second
Batting: RHB Josh Martin 0-0: Called Strike
0-1: Foul Ball, location: 2F
0-2: Strikes out swinging
Top of the 5th over - 1 run, 2 hits, 0 errors, 2 left on base; Springfield 2 - Mississippi 2
BOTTOM OF THE 5TH
Mississippi Braves batting - Pitching for Springfield Cardinals : RHP Rafael Montano
Batting: RHB Joe Young 0-0: Ball
1-0: Called Strike
1-1: Foul Ball, location: 2F
1-2: Ball
2-2: Ball
3-2: Base on Balls
Batting: SHB Richello Badua 0-0: Called Strike
0-1: Ball
Joe Young is caught stealing 2nd base 2-6
1-1: Foul Ball, location: 2F
1-2: Ground out 4-3 (Groundball, 4, EV 101.9 MPH)
Batting: LHB Art D'Ascenzo 0-0: Ball
1-0: Ball
2-0: Called Strike
2-1: Ball
3-1: Base on Balls
Batting: LHB Oke Monti 0-0: Ball
1-0: Foul Ball, location: 2F
Pickoff Throw to First - Out! 1-3 CS
Bottom of the 5th over - 0 runs, 0 hits, 0 errors, 0 left on base; Springfield 2 - Mississippi 2
TOP OF THE 6TH
Springfield Cardinals batting - Pitching for Mississippi Braves : RHP Ryan DeMille
Batting: RHB Josh Lyon 0-0: Foul Ball, location: 2F
0-1: Swinging Strike
0-2: Foul Ball, location: 2F
0-2: Ball
1-2: Foul Ball, location: 2F
1-2: Ball
2-2: SINGLE (Flyball, 89S, EV 96.9 MPH)
Batting: RHB Tyler Walker 0-0: Swinging Strike
0-1: Foul Ball, location: 2F
0-2: Strikes out swinging
Pitching: RHP Frank Schulman
Batting: RHB Justin Reich 0-0: Ball
1-0: Ball
2-0: Fly out, F5 (Popup, P, EV 75.6 MPH)
Batting: RHB Immel Kamuzu 0-0: Ball
1-0: Fly out, F8 (Flyball, 8LD, EV 108.8 MPH)
Top of the 6th over - 0 runs, 1 hit, 0 errors, 1 left on base; Springfield 2 - Mississippi 2
BOTTOM OF THE 6TH
Mississippi Braves batting - Pitching for Springfield Cardinals : RHP Rafael Montano
Batting: LHB Oke Monti 0-0: Foul Ball, location: 2F
0-1: Swinging Strike
0-2: Ball
1-2: Foul Ball, location: 2F
1-2: Foul Ball, location: 2F
1-2: Ball
2-2: Foul Ball, location: 2F
2-2: Foul Ball, location: 2F
2-2: Foul Ball, location: 2F
2-2: Ball
3-2: Strikes out swinging
Pitching: RHP Jason Inman
Batting: SHB Jamie Roberts 0-0: Ball
1-0: Ball
2-0: SINGLE (Line Drive, 34, EV 109.4 MPH)
Batting: LHB Ryan Murdock 0-0: Foul Ball, location: 2F
0-1: Called Strike
0-2: Ball
1-2: Foul Ball, location: 2F
1-2: Strikes out looking
Batting: RHB Alex Velasquez 0-0: Ball
1-0: Ball
2-0: Ball
3-0: Called Strike
3-1: Fly out, F9 (Flyball, 9, EV 88.1 MPH)
Bottom of the 6th over - 0 runs, 1 hit, 0 errors, 1 left on base; Springfield 2 - Mississippi 2
TOP OF THE 7TH
Springfield Cardinals batting - Pitching for Mississippi Braves : RHP Frank Schulman
Batting: RHB Josh Broome 0-0: Foul Ball, location: 2F
0-1: Ball
1-1: SINGLE (Groundball, 4D, EV 101.9 MPH)
Batting: RHB Fortunato Fteira 0-0: Ball
1-0: Fly out, F7 (Flyball, 78S, EV 85.0 MPH)
Batting: LHB Adam Eisen Pickoff Throw to First - Out! 1-3 CS
0-0: Foul Ball, location: 2F
0-1: Foul Ball, location: 2F
0-2: Ball
1-2: Ball
2-2: Foul Ball, location: 2F
2-2: Ball
3-2: Ground out 6-3 (Groundball, 6S, EV 73.8 MPH)
Top of the 7th over - 0 runs, 1 hit, 0 errors, 0 left on base; Springfield 2 - Mississippi 2
BOTTOM OF THE 7TH
Mississippi Braves batting - Pitching for Springfield Cardinals : RHP Jason Inman
Batting: RHB Adrian Billups 0-0: Foul Ball, location: 2F
0-1: Swinging Strike
0-2: Ball
1-2: Strikes out swinging
Batting: RHB Edgar Castillo 0-0: Ball
1-0: Swinging Strike
1-1: Swinging Strike
1-2: Ball
2-2: Ball
3-2: Foul Ball, location: 2F
3-2: SINGLE (Groundball, 25, EV 66.9 MPH) (infield hit)
Batting: RHB Joe Young 0-0: Called Strike
0-1: Swinging Strike
0-2: Ball
1-2: Ball
2-2: Strikes out swinging
Edgar Castillo steals 2nd base
Batter strikes out.
Batting: SHB Richello Badua 0-0: Foul Ball, location: 2F
0-1: Ball
1-1: Fly out, F8 (Flyball, 78S, EV 88.1 MPH)
Bottom of the 7th over - 0 runs, 1 hit, 0 errors, 1 left on base; Springfield 2 - Mississippi 2
TOP OF THE 8TH
Springfield Cardinals batting - Pitching for Mississippi Braves : RHP Frank Schulman
Batting: RHB Mark Cahill 0-0: SINGLE (Groundball, 56D, EV 95.6 MPH)
Batting: RHB Josh Martin 0-0: Swinging Strike
0-1: SINGLE (Groundball, 25, EV 70.0 MPH) (infield hit)
Mark Cahill to second
Batting: RHB Josh Lyon 0-0: Ball
1-0: Called Strike
1-1: Called Strike
1-2: Ball
2-2: Strikes out swinging
Batting: RHB Tyler Walker 0-0: Ball
Passed Ball!
Mark Cahill to third
Josh Martin to second
1-0: Foul Ball, location: 2F
1-1: Called Strike
1-2: Ball
2-2: Ball
3-2: Foul Ball, location: 2F
3-2: Fly out, F9 (Flyball, 9D, EV 103.8 MPH)
Runner from 3rd tags up, SCORES, no throw by RF
Josh Martin to third
Pitching: LHP Shinya Taira
Batting: RHB Justin Reich 0-0: Ball
1-0: Called Strike
1-1: Ball
2-1: Foul Ball, location: 2F
2-2: Ball
3-2: Reaches on Catchers interference
Batting: RHB Immel Kamuzu 0-0: Foul Ball, location: 2F
0-1: Swinging Strike
0-2: Ball
1-2: Ground out 1-3 (Groundball, 34S, EV 65.0 MPH)
Top of the 8th over - 1 run, 2 hits, 1 error, 2 left on base; Springfield 3 - Mississippi 2
BOTTOM OF THE 8TH
Mississippi Braves batting - Pitching for Springfield Cardinals : RHP Jason Inman
Pitching: LHP Sid DeSensi
Batting: LHB Art D'Ascenzo 0-0: Ball
1-0: Foul Ball, location: 2F
1-1: Fly out, F5 (Line Drive, 5L, EV 56.9 MPH)
Batting: LHB Oke Monti 0-0: Ball
1-0: Ball
2-0: Fly out, F9 (Line Drive, 89M, EV 99.4 MPH)
Batting: SHB Jamie Roberts 0-0: Ball
1-0: Called Strike
1-1: Ball
2-1: Foul Ball, location: 2F
2-2: Foul Ball, location: 2F
2-2: Foul Ball, location: 2F
2-2: Ball
3-2: Strikes out looking
Bottom of the 8th over - 0 runs, 0 hits, 0 errors, 0 left on base; Springfield 3 - Mississippi 2
TOP OF THE 9TH
Springfield Cardinals batting - Pitching for Mississippi Braves : LHP Shinya Taira
Batting: RHB Josh Broome 0-0: Called Strike
0-1: Ball
1-1: Ball
2-1: Foul Ball, location: 2F
2-2: Ball
3-2: Strikes out looking
Batting: RHB Fortunato Fteira 0-0: Called Strike
0-1: Called Strike
0-2: Strikes out swinging
Batting: LHB Adam Eisen 0-0: Foul Ball, location: 2F
0-1: Foul Ball, location: 2F
0-2: Strikes out swinging
Top of the 9th over - 0 runs, 0 hits, 0 errors, 0 left on base; Springfield 3 - Mississippi 2
BOTTOM OF THE 9TH
Mississippi Braves batting - Pitching for Springfield Cardinals : LHP Sid DeSensi
Pitching: LHP Carlos Salcido
Batting: LHB Ryan Murdock 0-0: Ball
1-0: Ball
2-0: Called Strike
2-1: SINGLE (Groundball, 6M, EV 81.2 MPH) (infield hit)
Batting: RHB Alex Velasquez 0-0: Ball
1-0: Called Strike
1-1: Ground out 4-3 (Groundball, 34S, EV 89.4 MPH)
Ryan Murdock to second
Batting: RHB Adrian Billups 0-0: Ball
1-0: Ball
2-0: Swinging Strike
2-1: Single, Error in OF, E8, batter to second base (Groundball, 6MD, EV 99.4 MPH)
Ryan Murdock scores
Batting: RHB Edgar Castillo 0-0: Ball
1-0: Ball
2-0: Ball
3-0: Called Strike
3-1: Called Strike
3-2: Base on Balls
Batting: RHB Joe Young 0-0: Foul Ball, location: 2F
0-1: Ball
1-1: Bunted foul
1-2: Fly out, F7 (Flyball, 78M, EV 96.2 MPH)
Batting: SHB Richello Badua 0-0: Ball
1-0: Called Strike
1-1: Ball
2-1: Foul Ball, location: 2F
2-2: Foul Ball, location: 2F
2-2: Ball
3-2: Strikes out swinging
Bottom of the 9th over - 1 run, 2 hits, 1 error, 2 left on base; Springfield 3 - Mississippi 3
TOP OF THE 10TH
Springfield Cardinals batting - Pitching for Mississippi Braves : LHP Shinya Taira
Pitching: RHP Omar Orosco
Batting: RHB Mark Cahill 0-0: Ball
1-0: Called Strike
1-1: Ball
2-1: Ground out 5-3 (Groundball, 5, EV 86.9 MPH)
Batting: RHB Josh Martin 0-0: Ball
1-0: Ball
2-0: Ball
3-0: Called Strike
3-1: Ground out 5-3 (Groundball, 56, EV 99.4 MPH)
Batting: RHB Josh Lyon 0-0: Ball
1-0: Called Strike
1-1: Ball
2-1: Ball
3-1: Base on Balls
Batting: RHB Tyler Walker 0-0: Ball
1-0: Ball
2-0: Ball
3-0: Base on Balls
Josh Lyon to second
Pinch Runner at 2nd Jose Rivera:
Batting: RHB Justin Reich 0-0: Ball
1-0: Foul Ball, location: 2F
1-1: SINGLE (Line Drive, 4D, EV 100.0 MPH)
Jose Rivera to third
Tyler Walker to second
Batting: RHB Immel Kamuzu 0-0: Swinging Strike
0-1: Foul Ball, location: 2F
0-2: Strikes out swinging
Top of the 10th over - 0 runs, 1 hit, 0 errors, 3 left on base; Springfield 3 - Mississippi 3
BOTTOM OF THE 10TH
Mississippi Braves batting - Pitching for Springfield Cardinals : LHP Carlos Salcido
Pitching: LHP Bob Hale
Now at C: Mark Marks
Batting: LHB Art D'Ascenzo 0-0: Ball
1-0: Swinging Strike
1-1: Swinging Strike
1-2: Strikes out swinging
Batting: LHB Oke Monti 0-0: Ball
1-0: Ball
2-0: DOUBLE (Groundball, 3L, EV 99.4 MPH)
Batting: SHB Jamie Roberts 0-0: Intentional Walk
Pinch Hitting: RHB Corey Dalton 0-0: Ball
1-0: Ball
2-0: Called Strike
2-1: Ball
3-1: Base on Balls
Oke Monti to third
Jamie Roberts to second
Batting: RHB Alex Velasquez 0-0: Ball
1-0: Called Strike
1-1: Called Strike
1-2: Foul Ball, location: 2F
1-2: Ball
Balk!
Oke Monti scores
Bottom of the 10th over - 1 run, 1 hit, 0 errors, 2 left on base; Springfield 3 - Mississippi 4
Sunday, July 16th , 2023 - OOTP Baseball 24.6 Build 69